AoeStats
← 文風

Black Forest

506094889Analyzed
1v1 RM · 19d ago on Sep 12, 2026· 26m 0s· 2 players
Game mode
Random Map
Map size
Tiny (2 player)
Population
200
Speed
Normal
Resources
Standard
Victory
Conquest
Starting age
Dark Age
Ending age
Imperial Age
RankedLock teamsTeams togetherTeam positionsShared explorationLock speedFull tech treeHidden civsTurbo modeCheats
Victory
Defeat
🇬🇧 Persians · United Kingdom
1528
+11
🇭🇰 Turks · Hong Kong SAR China
1411
-11
文風
2:17 Loom
13:14 Feudal Age
19:09 Castle Age
Toota
1:13 Loom
11:02 Feudal Age
11:15 Man-at-Arms
16:55 Double-Bit Axe
17:53 Fletching
22:33 Castle Age
21:36 Scale Barding Armor
22:38 Bloodlines
23:25 Light Cavalry
Connection lost

Rejoining the realm…

Still unreachable

The connection could not be restored.

Session expired

The server has moved on; the page needs a fresh start.